 Dungeon Crawl Stone Soup version 0.31-a0-569-g7ea453304b (webtiles) character file.

Game seed: 399751777027247832

142 AdnanSaban the Trooper (level 5, 0/33 HPs)
             Began as a Gargoyle Fighter on Aug 18, 2023.
             Was an Initiate of Okawaru.
             Slain by Edmund
             ... wielding a +2 dire flail of holy wrath
              (3 damage)
             ... on level 2 of the Dungeon.
             The game lasted 00:04:43 (3756 turns).

AdnanSaban the Trooper (Gargoyle Fighter)           Turns: 3756, Time: 00:04:43

Health: 0/33       AC: 11    Str: 22    XL:     5   Next: 25%
Magic:  5/5        EV:  9    Int:  8    God:    Okawaru [......]
Gold:   260        SH:  4    Dex:  9    Spells: 4/4 levels left

rFire   . . .        a - +0 flail
rCold   . . .        c - +0 buckler
rNeg    + . .        b - +0 scale mail
rPois   ∞            (no helmet)
rElec   +            (no cloak)
rCorr   .            (no gloves)
SInv    .            (no boots)
Will    .....        (no amulet) Stlth
                     (no ring)
HPRegen 0.25/turn    (no ring)
MPRegen 0.09/turn

%: no passive effects
@: no status effects
A: sickness immunity, AC +4, negative energy resistance 1, electricity
resistance, torment resistance 1, petrification resistance
a: Renounce Religion


You were on level 2 of the Dungeon.
You worshipped Okawaru.
Okawaru was noncommittal.
You visited 2 branches of the dungeon, and saw 6 of its levels.

You collected 260 gold pieces.

Inventory:

Hand Weapons
 a - a +0 flail (weapon)
Missiles
 v - 3 atropa-tipped darts
 w - 6 javelins
Armour
 b - a +0 scale mail (worn)
 c - a +0 buckler (worn)
Jewellery
 p - a ring of magical power
Scrolls
 e - a scroll of amnesia {unknown}
 f - 2 scrolls of revelation {unknown}
 i - 4 scrolls of identify {unknown}
 j - a scroll of poison {unknown}
 l - 2 scrolls of teleportation {unknown}
 m - 2 scrolls of fear {unknown}
 n - 3 scrolls of vulnerability {unknown}
 r - a scroll of noise {unknown}
 s - a scroll of blinking {unknown}
Potions
 d - 3 potions of might
 g - 3 potions of curing {unknown}
 h - a potion of ambrosia {unknown}
 k - 2 potions of heal wounds {unknown}
 o - a potion of lignification {unknown}
 q - a potion of haste {unknown}
 t - a potion of enlightenment {unknown}
 u - a potion of mutation {unknown}


   Skills:
 + Level 4.0 Fighting
 + Level 3.7 Maces & Flails
 + Level 3.9 Armour
 + Level 0.4 Dodging
 + Level 1.0 Stealth
 + Level 3.7 Shields


You had 4 spell levels left.
You didn't know any spells.
Your spell library contained the following spells:

 Spells                   Type           Power      Damage    Failure   Level
 Apportation              Tloc           0%         N/A       80%         1
 Dazzling Flash           Conj/Hex       0%         N/A       99%         3
 Gell's Gravitas          Tloc           0%         N/A       99%         3
 Teleport Other           Tloc           0%         N/A       99%         3
 Vhi's Electric Charge    Tloc/Air       0%         N/A       99%         3
 Volatile Blastmotes      Fire/Tloc      0%         2d10      99%         3
 Alistair's Intoxication  Tmut/Pois      0%         N/A       100%        5
 Arcjolt                  Conj/Air       0%         1d10      100%        5
 Dispersal                Tloc           0%         N/A       100%        6
 Plasma Beam              Fire/Air       0%         2x1d10    100%        6
 Starburst                Conj/Fire      0%         6d3       100%        6
 Maxwell's Capacitive Co  Air            0%         ∞         100%        8
 Summon Small Mammal      Summ           Unusable   N/A       N/A         1
 Call Canine Familiar     Summ           Unusable   N/A       N/A         3
 Summon Guardian Golem    Hex/Summ       Unusable   N/A       N/A         3

Dungeon Overview and Level Annotations

Branches:
Dungeon (5/15)             Temple (1/1) D:4

Altars:
Cheibriados
Dithmenos
Elyvilon
Fedhas
Gozag
Nemelex Xobeh
Okawaru
Qazlal
Ru
Sif Muna
Wu Jian
Yredelemnul
The Shining One

Shops:
D:2 !   D:3 :

Annotations:
D:2 Edmund
D:3 3 runed translucent doors, Ethylacetat's ghost, amateur OpGl


Innate Abilities, Weirdness & Mutations

You are immune to sickness and miasma.
Your stone body is resilient. (AC +4)
You are immune to poison.
You resist negative energy. (rN+)
You are resistant to electric shocks. (rElec)
You are resistant to unholy torment.
You are immune to petrification.


Message History

Edmund hits you with a +2 dire flail of holy wrath.
Edmund hits you with a +2 dire flail of holy wrath.
There is an entrance to Busal's Book Shop here.
Edmund hits you with a +2 dire flail of holy wrath.
Edmund hits you with a +2 dire flail of holy wrath.
Edmund is no longer moving quickly.
There is a stone staircase leading up here.
Edmund barely misses you.
The scorpion stings you but does no damage.
You climb upwards.
There is a stone staircase leading down here.
You closely miss Edmund. Edmund hits you but does no damage.
You hit Edmund.
Edmund is lightly wounded.
Edmund barely misses you. x2
You hit Edmund.
Edmund is lightly wounded.
Edmund hits you but does no damage.
You barely miss Edmund.
Edmund is lightly wounded.
Edmund hits you with a +2 dire flail of holy wrath.
You hit Edmund.
Edmund is moderately wounded.
Edmund hits you with a +2 dire flail of holy wrath!
* * * LOW HITPOINT WARNING * * *
Edmund barely misses you.
You barely miss Edmund.
Edmund is moderately wounded.
Edmund hits you with a +2 dire flail of holy wrath.
* * * LOW HITPOINT WARNING * * *
You barely miss Edmund.
Edmund is moderately wounded.
Edmund misses you.
You barely miss Edmund.
Edmund is moderately wounded.
Edmund hits you but does no damage.
You closely miss Edmund.
Edmund is moderately wounded.
Edmund hits you with a +2 dire flail of holy wrath.
You die...

.................................
...........###.....#........#....
...........# #..............#....
...........# #..P♣♣P........#....
...........###.#..♣♣.P.........#.
.......#........PP♣.♣............
.......#..........♣..............
..######........@...............#
### #........@########.#######
#.........# #.#######
#.........#### #.#......
#............# #.#.#....
############.# #.#.##.## #...#
#.#.##.## #.### ♣.♣.##... #.#
#.#.##### #.######♣.♣.# #.


You could see Edmund.

Vanquished Creatures
  7 adders
  3 worms
  3 dart slugs
  5 orcs
  8 ball pythons
  3 bats
  7 endoplasms
  2 giant cockroaches
  8 goblins
  3 hobgoblins
  4 kobolds
  2 quokkas
  4 frilled lizards
  3 rats
62 creatures vanquished.

Notes
Turn   | Place    | Note
-------+----------+-------------------------------------------
     0 | D:1      | AdnanSaban the Gargoyle Fighter began the quest for the
                  | Orb.
     0 | D:1      | Reached XP level 1. HP: 14/14 MP: 1/1
   132 | D:1      | Reached XP level 2. HP: 18/20 MP: 2/2
   861 | D:2      | Reached skill level 4 in Fighting
   861 | D:2      | Reached XP level 3. HP: 24/24 MP: 3/3
   969 | D:2      | Found a faded altar of an unknown god.
   987 | D:2      | Found Mushuuga's Distillery.
  1266 | D:2      | Reached XP level 4. HP: 26/29 MP: 4/4
  1680 | D:3      | Found a runed translucent gate.
  1680 | D:3      | Found a runed translucent gate.
  1683 | D:3      | Found a runed translucent gate.
  1683 | D:3      | Noticed Ethylacetat's ghost (amateur OpGl)
  1821 | D:3      | Found a shimmering blue altar of Sif Muna.
  1858 | D:3      | Found Busal's Book Shop.
  2647 | D:4      | Reached XP level 5. HP: 33/33 MP: 5/5
  2654 | D:4      | Reached skill level 1 in Stealth
  2777 | D:4      | Found a staircase to the Ecumenical Temple.
  3025 | D:4      | Found a sparkling altar of Nemelex Xobeh.
  3575 | Temple   | Entered the Ecumenical Temple
  3602 | Temple   | Became a worshipper of Warmaster Okawaru
  3657 | D:5      | Entered Level 5 of the Dungeon
  3657 | D:5      | Noticed an ice beast
  3678 | D:5      | Noticed Edmund
  3694 | D:5      | Noticed an ice beast
  3756 | D:2      | Slain by Edmund

Illustrated notes

Levels and vault maps discovered:
D:1:      heliophobic_arrival_battle_scene, layout_basic
D:2:      layout_basic, serial_shops, nicolae_shop_peninsula,
          chequers_ecumenical_altar_simple, serial_forest,
          infiniplex_forest_end_1, infiniplex_forest_lined_3,
          infiniplex_forest_lined_room_2, infiniplex_forest_clump_double,
          infiniplex_forest_clump_small, infiniplex_forest_clump_cross,
          infiniplex_forest_clump_diagonal, infiniplex_forest_lined_3_way,
          kennysheep_generic_room_13
D:3:      layout_loops_ring, led_sif_book, ebering_ghost_rock_garden,
          serial_shops, shop
D:4:      layout_basic, nemelex_dance_club_becter,
          minmay_temple_entry_nine_rooms, grunt_ministairs_7
D:5:      layout_cave_pools, st_stairs_14, minivault_1,
          amcnicky_mini_rare_corridor_liquid, minmay_statues_item,
          kennysheep_generic_room_3, uniq_edmund
Temple:   grunt_temple_mini_profane

Skill      XL: |  1  2  3  4  5 |
---------------+----------------+-----
Fighting       | 4 |  4.0
Maces & Flails | 3 |  3.7
Stealth        | 1 |  1.0
Armour         | |  3.9
Dodging        | |  0.4
Shields        | |  3.7

Action                     |  1- 3 |  4- 6 || total
---------------------------+-------+-------++-------
  Melee: Flail             |    89 |    96 ||   185
 Armour: Scale mail        |    40 |    44 ||    84
  Dodge: Dodged            |    34 |    38 ||    72
  Block: Buckler           |    18 |    21 ||    39

Table legend: (Time is in decaauts)
 A = Elapsed time spent in this place.
 B = Non-inter-level travel time spent in this place.
 C = Inter-level travel time spent in this place.
 D = Time resting spent in this place.
 E = Time spent auto-exploring this place.
 F = Levels seen in this place.
 G = Mean time per level.
                   A        B        C        D        E       F      G
               +--------+--------+--------+--------+--------+-----+--------+
         Total |   3810 |   3546 |    264 |      0 |   3003 |   6 |  635.0 |
       Dungeon |   3759 |   3543 |    216 |      0 |   3003 |   5 |  751.8 |
        Temple |     50 |      2 |     48 |      0 |      0 |   1 |   50.0 |
               +--------+--------+--------+--------+--------+-----+--------+

Top non-repeatable levels by time:
     D:4: 1337 daAuts
     D:1: 870 daAuts
     D:2: 825 daAuts
     D:3: 719 daAuts
  Temple: 50 daAuts
     D:5: 6 daAuts
